 Dungeon Crawl Stone Soup version 0.21.1-1-g345015fe64 (webtiles) character file.

323 Ivernyr the Charmwright (level 6, -17/44 HPs)
             Began as a Human Skald on June 9, 2018.
             Demolished by an ogre
             ... wielding a cursed +0 giant club
              (25 damage)
             ... on level 4 of the Dungeon.
             The game lasted 00:12:57 (4393 turns).

Ivernyr the Charmwright (Human Skald)               Turns: 4393, Time: 00:12:57

Health: -17/44     AC:  6    Str: 11    XL:     6   Next: 77%
Magic:  9/9        EV: 11    Int: 14    God:
Gold:   161        SH:  0    Dex: 20    Spells: 4/9 levels left

rFire    . . .     SeeInvis .   a - +0 falchion
rCold    . . .     Gourm    .   (no shield)
rNeg     . . .     Faith    .   b - +0 ring mail
rPois    .         Spirit   .   (no helmet)
rElec    .         Reflect  .   (no cloak)
rCorr    .         Harm     .   j - +0 pair of gloves
MR       .....                  (no boots)
Stlth    +.........             v - amulet of regeneration
HPRegen  0.54/turn              u - ring of wizardry
MPRegen  0.11/turn              s - +6 ring of dexterity

@: no status effects
A: no striking features
a: no special abilities


You were on level 4 of the Dungeon.
You were hungry.

You visited 1 branch of the dungeon, and saw 4 of its levels.

You collected 189 gold pieces.
You spent 28 gold pieces at shops.

Inventory:

Hand Weapons
 a - a +0 falchion (weapon)
Missiles
 f - 21 poisoned needles
Armour
 b - a +0 ring mail (worn)
 j - a +0 pair of gloves (worn)
Jewellery
 o - an uncursed ring of resist corrosion
 s - a +6 ring of dexterity (right hand)
 u - a ring of wizardry (left hand)
 v - an amulet of regeneration (around neck)
Wands
 t - a wand of clouds (4)
Scrolls
 e - 2 scrolls of enchant weapon
 i - a scroll of random uselessness {unknown}
 k - a scroll of identify
 l - 3 scrolls of blinking
 m - a scroll of amnesia {unknown}
 p - 2 scrolls of remove curse
 r - a scroll of magic mapping {unknown}
 x - a scroll of noise {unknown}
Potions
 g - a potion of berserk rage {unknown}
 h - a potion of ambrosia {unknown}
 n - 2 potions of invisibility {unknown}
 q - 2 potions of curing
Books
 c - a book of Battle

   Spells                             Type                      Level
   a - Infusion                       Charms                       1
   b - Shroud of Golubria             Charms/Translocation         2
   c - Song of Slaying                Charms                       2
   d - Spectral Weapon                Hexes/Charms                 3
   e - Regeneration                   Charms/Necromancy            3
Comestibles
 d - 2 rations


   Skills:
 - Level 2.0 Fighting
 - Level 2.0 Long Blades
 * Level 3.8 Throwing
 + Level 2.8 Armour
 - Level 2.0 Dodging
 - Level 2.0 Spellcasting
 * Level 5.0 Charms


You had 4 spell levels left.
You knew the following spells:

 Your Spells              Type           Power        Failure   Level  Hunger
a - Shroud of Golubria    Chrm/Tloc      #.........   12%         2    ###....
b - Song of Slaying       Chrm           ###.....     4%          2    ###....
c - Infusion              Chrm           ###.         2%          1    ##.....


Dungeon Overview and Level Annotations

Branches:
Dungeon (4/15)
 Temple: D:4-7

Altars:
Ashenzari
Fedhas
Makhleb
Qazlal
Uskayaw

Shops:
D:4 ?


Message History

You hit the ogre.
The ogre is severely wounded.
The ogre hits you with a giant club!!
Ouch! That really hurt!
There is an open door here.
Your shroud begins to fray at the edges.
You hit the ogre.
The ogre is almost dead.
Your shroud unravels.
The ogre closely misses you.
You hit the ogre but do no damage.
The ogre is almost dead.
The ogre hits you with a giant club!!
Ouch! That really hurt!
* * * LOW HITPOINT WARNING * * *
Found 13 gold pieces.
You are feeling hungry.
The ogre hits you with a giant club!!
Ouch! That really hurt!
You die...

.......#
#....#####...........
###..# #...........
##'# #.....∩.....
#..# #...........
...... ... #..#
+........... .....
..... +..#
#........... .(...
..... #..#
#........... .(..
.... #..#
########'### #..# +
#..##.@# #..... #..##
..##...#.O## #.....
#...# .....>.....#
#..... #...#
.......#.#.# #<....
##'## .##.......#
######
##...######......##
#....#...#####.#.#
+....'...##..#...###
####.######........#


You could see an ogre.

Vanquished Creatures
  A bullfrog (D:3)
  A howler monkey (D:4)
  A crimson imp (D:3)
  An orc wizard (D:3)
  2 iguanas
  3 adders
  A worm (D:2)
  2 dart slugs
  3 leopard geckos
  4 orcs (D:3)
  2 giant cockroaches (D:3)
  7 goblins
  6 hobgoblins
  11 jackals
  2 quokkas (D:2)
  A ball python (D:2)
  A bat (D:1)
  5 frilled lizards
  7 kobolds
  10 rats
71 creatures vanquished.

Notes
Turn   | Place    | Note
-------+----------+-------------------------------------------
     0 | D:1      | Ivernyr the Human Skald began the quest for the Orb.
     0 | D:1      | Reached XP level 1. HP: 16/16 MP: 3/3
   327 | D:1      | Reached XP level 2. HP: 22/22 MP: 5/5
   331 | D:1      | Learned a level 2 spell: Song of Slaying
   334 | D:1      | Learned a level 2 spell: Shroud of Golubria
   487 | D:1      | Reached skill level 1 in Throwing
   981 | D:1      | Reached XP level 3. HP: 25/27 MP: 6/6
  1916 | D:2      | Reached XP level 4. HP: 25/33 MP: 4/7
  2630 | D:2      | Reached skill level 4 in Charms
  2712 | D:2      | You fall through a shaft!
  2867 | D:3      | Found a blossoming altar of Fedhas.
  2903 | D:3      | Reached XP level 5. HP: 38/38 MP: 8/8
  3096 | D:3      | Noticed a bullfrog
  3104 | D:3      | Killed a bullfrog
  3300 | D:3      | Reached XP level 6. HP: 31/44 MP: 9/9
  3549 | D:3      | Found a burning altar of Makhleb.
  3596 | D:3      | Found a stormy altar of Qazlal.
  3628 | D:3      | Found a hide-covered altar of Uskayaw.
  3691 | D:3      | Found a shattered altar of Ashenzari.
  3813 | D:3      | HP: 2/44 [orc wizard/magic dart (7)]
  4149 | D:4      | Found Onielafo's Magic Scroll Shop.
  4164 | D:4      | Bought a scroll of identify for 28 gold pieces
  4250 | D:4      | Reached skill level 5 in Charms
  4360 | D:4      | Noticed an ogre
  4381 | D:4      | HP: 1/44 [ogre/giant club (22)]
  4393 | D:4      | Demolished by an ogre

Skill      XL: |  1  2  3  4  5  6 |
---------------+-------------------+-----
Throwing       | 1 2 3 |  3.8
Armour         | 2 |  2.8
Charms         | 4 5 |  5.0
Fighting       | |  2.0
Long Blades    | |  2.0
Dodging        | |  2.0
Spellcasting   | |  2.0

Action                   |  1- 3 |  4- 6 || total
-------------------------+-------+-------++-------
Melee: Falchion          |   115 |   278 ||   393
Throw: Tomahawk          |       |     4 ||     4
 Cast: Shroud of Golubri |     4 |    18 ||    22
  Use: Scroll            |       |     3 ||     3
       Potion            |       |     2 ||     2
  Eat: Chunk             |     3 |     7 ||    10
       Ration            |       |     1 ||     1
Armor: Leather armour    |     3 |       ||     3
       Ring mail         |    47 |    93 ||   140
Dodge: Dodged            |    83 |   173 ||   256
       Rpst.: Falchion   |    25 |    54 ||    79
